Map: [ESL] Site Delta

Players

ByuN

  • Race: Terran Terran
  • Spawn Location: 5:00

DRG - Winner!

  • Race: Zerg Zerg
  • Spawn Location: 11:00

VOD

Have the link to the VOD?

Description

Time

  • Played on: Dec. 6, 2023, 5:40 a.m.
  • Length: 14:56
Show
View Real Time Build Order
Export as new Build Order

ByuN Terran 

Build Orders: Command Center First 

Get SALT Encoding   

  12  0:00  SCV  
  13  0:12  SCV  
  14  0:17  Supply Depot  
  14  0:24  SCV  
  15  0:38  SCV  
  16  0:50  SCV  
  17  0:59  Command Center  
  17  1:02  SCV  
  18  1:12  Barracks  
  18  1:15  SCV  
  19  1:20  Refinery  
  19  1:27  SCV  
  20  1:34  Barracks  
  20  1:39  SCV  
  21  1:51  SCV  
  22  1:59  Marine  
  23  2:03  Orbital Command  
  23  2:10  Orbital Command  
  23  2:17  Barracks Reactor  
  23  2:18  Barracks  
  23  2:21  Barracks Tech Lab  
  23  2:29  SCV  
  24  2:33  Barracks  
  24  2:36  SCV  
  25  2:40  Marine  
  25  2:41  SCV  
  27  2:46  Supply Depot  
  27  2:49  SCV  
  28  2:51  Stimpack  
  28  2:53  SCV  
  28  2:55  Marine  
  28  2:57  Marine  
  28  2:58  Marine  
  32  3:02  SCV  
  33  3:06  Barracks Tech Lab  
  33  3:08  Supply Depot  
  33  3:09  SCV  
  34  3:13  Marine  
  34  3:15  Marine  
  34  3:17  SCV  
  37  3:20  Marine  
  37  3:21  SCV  
  37  3:22  Marine  
  37  3:24  Marine  
  41  3:29  SCV  
  41  3:32  Supply Depot  
  41  3:33  SCV, Marine x2  
  45  3:35  Combat Shield  
  45  3:40  Marine  
  45  3:41  SCV  
  47  3:42  Marine  
  47  3:43  Marine  
  47  3:45  SCV  
  50  3:51  Marine x2  
  50  3:54  SCV  
  53  3:57  Supply Depot, SCV, Marine  
  53  4:00  Marine  
  53  4:01  Marine  
  57  4:06  Supply Depot, SCV  
  57  4:09  SCV, Marine x2  
  61  4:13  Factory  
  61  4:15  Marine  
  62  4:17  Refinery  
  62  4:18  Marine x2  
  62  4:21  SCV  
  65  4:26  Marine x2  
  65  4:27  Engineering Bay  
  65  4:28  Supply Depot  
  67  4:33  Marine  
  67  4:36  SCV x2, Marine x2  
  72  4:39  Refinery  
  72  4:43  Supply Depot  
  72  4:44  Marine x2  
  74  4:51  Marine  
  77  4:54  Marine x2  
  77  4:57  SCV x2  
  77  4:58  Starport, Factory Reactor  
  79  5:03  Marine x2  
  81  5:09  Marine  
  81  5:11  Marine  
  81  5:13  Marine  
  71  5:16  SCV x2  
  71  5:20  Marine  
  71  5:21  Marine  
  63  5:24  Refinery  
  63  5:26  Marine  
  64  5:30  Terran Infantry Weapons Level 1  
  64  5:33  SCV x2, Barracks Reactor  
  67  5:43  Barracks Reactor  
  67  5:46  Medivac x2  
  67  5:47  Marine  
  67  5:49  Marine x2  
  73  5:56  Command Center  
  73  5:58  Siege Tank  
  73  6:02  SCV x2  
  78  6:04  Marine  
  78  6:07  Marine x2  
  78  6:11  Marine x2  
  82  6:17  Supply Depot  
  83  6:18  Medivac  
  83  6:20  Medivac  
  83  6:21  Barracks  
  83  6:22  Marine  
  83  6:23  SCV x2  
  83  6:24  Marine x4  
  94  6:38  Siege Tank  
  97  6:44  Marine  
  97  6:45  Marine x5  
  101  6:47  SCV  
  101  6:51  Supply Depot x2  
  101  6:52  SCV  
  102  7:07  Marine x4, Medivac x2  
  102  7:08  Supply Depot, Marine x2  
  110  7:09  Supply Depot, Marine  
  110  7:14  Barracks Reactor  
  113  7:17  Siege Tank  
  113  7:20  Orbital Command  
  116  7:24  Terran Infantry Armor Level 1  
  116  7:25  Marine x3  
  118  7:36  Marine x4  
  114  7:43  Marine  
  115  7:47  Marine x2  
  115  7:49  Siege Tank  
  115  7:50  Orbital Command  
  119  7:54  Marine x2  
  119  7:55  Marine x2  
  119  7:57  Marine x2  
  117  8:01  Marine  
  117  8:02  SCV x2  
  117  8:05  Marine  
  121  8:08  Armory  
  121  8:09  Engineering Bay  
  120  8:14  SCV x2  
  120  8:18  SCV  
  123  8:26  SCV x2  
  125  8:29  Marine x3, Marauder  
  125  8:30  Marine x2  
  125  8:31  SCV  
  133  8:36  Supply Depot  
  133  8:37  Marauder  
  133  8:38  SCV  
  137  8:43  SCV  
  136  8:52  Widow Mine x2  
  136  8:53  Marine x6, Marauder  
  136  8:55  Terran Infantry Weapons Level 2  
  147  8:59  Marauder  
  149  9:03  Barracks  
  149  9:04  Barracks  
  149  9:09  Barracks  
  149  9:15  Terran Vehicle And Ship Armor Level 1  
  149  9:16  Widow Mine x2  
  153  9:19  Concussive Shells  
  153  9:23  Marauder x2  
  157  9:28  Marine x6  
  163  9:37  Widow Mine  
  165  9:42  Supply Depot  
  165  9:53  Supply Depot  
  165  9:55  Supply Depot  
  165  9:57  Barracks Reactor  
  165  9:58  Barracks Reactor x2  
  165  10:03  Marine x6, Marauder  
  165  10:04  Marine  
  165  10:05  Widow Mine  
  173  10:11  Terran Infantry Armor Level 2  
  173  10:15  Supply Depot x2, Widow Mine  
  173  10:21  Marine x5  
  180  10:22  Marauder  
  180  10:24  Marine  
  180  10:25  Marauder  
  180  10:26  Widow Mine  
  187  10:33  Medivac x2  
  187  10:35  Marine x2  
  187  10:36  Marine x2  
  187  10:37  Widow Mine  
  187  10:38  Marine x3  
  187  10:39  Marine  
  187  10:42  Orbital Command  
  197  10:44  Marauder  
  160  10:57  Marauder  
  160  11:00  Marine x5  
  131  11:04  Marine x2  
  131  11:05  Marine, Marauder  
  131  11:06  Marine  
  131  11:07  Marine  
  131  11:11  SCV x2  
  126  11:12  Widow Mine  
  126  11:13  Widow Mine  
  126  11:14  SCV  
  126  11:16  Terran Infantry Weapons Level 3  
  131  11:18  Marauder  
  131  11:21  Marine  
  131  11:22  Marine x3  
  131  11:23  SCV x2  
  137  11:26  Marauder  
  137  11:30  Marine  
  137  11:31  Marine x2  
  137  11:32  Marine x2  
  135  11:36  Widow Mine  
  140  11:40  Marauder  
  140  11:41  Marine x2  
  140  11:42  Marine  
  140  11:44  Marine  
  140  11:45  Marine  
  145  11:50  Marine  
  146  11:56  Marine  
  146  11:57  Marine x5  
  152  12:01  Marine  
  152  12:02  Marine x2  
  152  12:06  Marine x3  
  145  12:25  Marine, Widow Mine  
  120  12:33  Marine x3  
  120  12:34  Marine x3  
  120  12:35  Marine, Widow Mine  
  120  12:36  Marine x6  
  109  12:45  Marine  
  109  12:46  Widow Mine  
  109  12:51  Marine x5  
  114  12:52  Orbital Command  
  114  12:53  Marine  
  114  12:54  Marine x2  
  114  12:57  Widow Mine  
  124  13:08  Marine x5, Widow Mine  
  129  13:14  Marine x7  
  129  13:18  Widow Mine  
  129  13:19  Marine  
  138  13:25  Medivac  
  138  13:26  Marine x4  
  145  13:28  Medivac  
  145  13:29  Widow Mine  
  149  13:35  Marine x5  
  149  13:38  Orbital Command  
  149  13:39  Widow Mine  
  151  13:50  Marine  
  151  13:55  Medivac  
  147  13:56  Marine x5  
  147  14:00  Medivac  
  147  14:02  Marine x2, Widow Mine x2  
  160  14:03  Marine x2  
  160  14:05  Marine  
  160  14:09  Marine x3  
  166  14:16  Marine  
  165  14:23  Widow Mine  
  159  14:25  Widow Mine, Medivac  
  159  14:26  Marine  
  159  14:27  Marine  
  159  14:28  Marine x3  
  159  14:29  Marine x2  
  137  14:32  Marine  
  137  14:33  Marine x2  
  137  14:34  Marine  
  137  14:36  Marine x2  
Show
View Real Time Build Order
Export as new Build Order

DRG Zerg - Winner!

Build Orders: Hatch First 

Get SALT Encoding   

  12  0:00  Drone  
  13  0:11  Overlord  
  13  0:16  Drone  
  14  0:30  Drone x2  
  16  0:49  Hatchery  
  15  0:51  Drone  
  15  0:55  Drone  
  17  0:57  Drone  
  18  1:09  Extractor  
  17  1:12  Spawning Pool  
  17  1:15  Drone  
  17  1:19  Drone  
  18  1:27  Drone  
  19  1:38  Drone  
  20  1:48  Drone  
  21  2:00  Queen x2  
  21  2:01  Zergling x4  
  27  2:10  Overlord  
  27  2:11  Drone, Metabolic Boost  
  28  2:27  Hatchery  
  28  2:30  Drone  
  28  2:32  Drone  
  28  2:35  Drone  
  28  2:36  Drone  
  31  2:44  Queen  
  31  2:49  Overlord  
  33  2:52  Drone  
  33  2:56  Drone x2  
  36  3:04  Overlord  
  36  3:08  Drone x4  
  40  3:17  Drone  
  40  3:18  Drone  
  40  3:19  Queen  
  42  3:23  Queen  
  42  3:26  Drone  
  47  3:28  Drone  
  48  3:38  Overlord  
  48  3:39  Queen  
  48  3:40  Drone  
  48  3:41  Drone  
  52  3:45  Drone x3  
  55  3:48  Drone  
  55  3:51  Drone x2  
  55  3:52  Overlord  
  58  3:59  Drone x2  
  58  4:00  Queen  
  62  4:06  Drone  
  62  4:07  Drone x2  
  65  4:15  Drone x3, Queen  
  65  4:16  Drone x2  
  72  4:19  Zergling x4  
  72  4:22  Baneling Nest  
  73  4:24  Zergling x2  
  73  4:25  Overlord  
  73  4:27  Overlord  
  73  4:30  Overlord  
  74  4:34  Overlord  
  74  4:37  Overlord  
  74  4:43  Queen  
  74  4:45  Zergling x12  
  82  4:50  Zergling x8  
  86  4:55  Zergling x4  
  86  4:58  Zergling x2  
  86  4:59  Zergling x2  
  90  5:05  Zergling x4  
  90  5:06  Zergling x2  
  93  5:11  Zergling x6  
  93  5:12  Zergling x2  
  93  5:13  Zergling x2  
  87  5:15  Zergling x2  
  87  5:16  Zergling x2  
  87  5:19  Queen  
  87  5:21  Hatchery, Lair  
  83  5:27  Drone  
  83  5:28  Drone x4  
  87  5:30  Extractor  
  87  5:31  Extractor  
  87  5:34  Evolution Chamber  
  84  5:37  Zergling x4  
  84  5:41  Drone x3  
  84  5:42  Drone x2  
  91  5:43  Drone  
  91  5:44  Drone x2  
  94  5:50  Hatchery  
  94  5:52  Zergling x10  
  98  5:58  Zergling x2  
  98  6:02  Overlord  
  99  6:05  Drone  
  99  6:08  Overlord  
  100  6:11  Zerg Ground Armor Level 1  
  100  6:12  Overlord  
  100  6:16  Drone x2, Evolution Chamber  
  101  6:19  Zergling x12  
  101  6:21  Centrifugal Hooks, Baneling  
  101  6:22  Baneling x4, Extractor  
  106  6:29  Zergling x6  
  109  6:35  Zergling x2  
  110  6:45  Zergling x6  
  110  6:46  Hatchery  
  114  6:47  Zergling x8  
  114  6:48  Zergling x12  
  114  6:52  Zerg Melee Weapons Level 1  
  123  6:55  Zergling x2  
  123  6:56  Queen  
  123  6:59  Overlord  
  123  7:00  Baneling x7  
  126  7:01  Zergling x4  
  126  7:07  Zergling x8  
  132  7:09  Baneling x5, Spore Crawler  
  132  7:13  Drone x3  
  134  7:16  Overlord  
  134  7:17  Queen x2  
  134  7:19  Overlord x3  
  138  7:23  Overlord  
  138  7:24  Overlord  
  138  7:27  Zergling x4  
  136  7:35  Zergling x10  
  131  7:40  Zergling x2  
  132  7:46  Zergling x14  
  132  7:47  Overlord  
  135  7:53  Zergling x4  
  135  7:57  Hydralisk Den  
  124  8:01  Zergling x4  
  124  8:04  Queen  
  128  8:06  Baneling x2  
  128  8:07  Baneling x2, Zerg Ground Armor Level 2  
  128  8:08  Zergling x12  
  128  8:11  Extractor  
  132  8:13  Drone  
  132  8:15  Zergling x2  
  132  8:16  Zergling x6  
  137  8:23  Drone x3  
  137  8:24  Zergling x4  
  142  8:29  Drone  
  142  8:30  Drone x4  
  142  8:31  Overlord  
  142  8:32  Baneling x3  
  147  8:36  Grooved Spines  
  147  8:38  Drone x3  
  147  8:39  Baneling x3  
  150  8:42  Spore Crawler  
  150  8:46  Queen  
  150  8:48  Drone  
  150  8:49  Drone x2  
  150  8:50  Zerg Melee Weapons Level 2  
  150  8:52  Zergling x10  
  156  8:58  Drone x8  
  156  9:02  Zergling x6  
  167  9:09  Zergling x10  
  171  9:10  Baneling  
  171  9:11  Baneling x10  
  171  9:17  Overlord  
  171  9:19  Zergling x12  
  171  9:20  Zergling x4  
  171  9:23  Infestation Pit  
  178  9:26  Muscular Augments  
  178  9:29  Drone x5  
  178  9:31  Drone x3, Extractor  
  183  9:32  Baneling x5  
  183  9:37  Zergling x14  
  192  9:40  Baneling x11  
  191  9:46  Zergling x12  
  191  9:48  Baneling x9  
  197  9:54  Zergling x4  
  199  10:02  Hive  
  197  10:07  Extractor  
  197  10:10  Baneling x7  
  196  10:15  Zergling x8  
  200  10:26  Zerg Missile Weapons Level 1  
  200  10:31  Hatchery  
  198  10:39  Pneumatized Carapace  
  198  10:40  Overseer x3  
  198  10:49  Zergling x4  
  197  10:53  Zergling x18  
  197  10:54  Zergling x18  
  155  10:59  Hydralisk x9  
  155  11:02  Zergling x18  
  166  11:06  Hydralisk  
  166  11:07  Hydralisk  
  166  11:08  Zergling x10  
  165  11:15  Baneling x5  
  157  11:19  Drone x3  
  157  11:20  Zergling x2  
  157  11:23  Overseer  
  157  11:24  Zergling x2  
  160  11:26  Zergling x8  
  160  11:29  Zergling x6  
  160  11:30  Zergling x4  
  165  11:35  Adrenal Glands  
  165  11:36  Zergling x8  
  165  11:38  Zergling x2  
  170  11:44  Zergling x8, Extractor  
  170  11:47  Extractor  
  172  11:50  Zergling x10  
  172  11:52  Baneling x12  
  172  11:53  Baneling  
  176  11:54  Hatchery  
  176  11:55  Zergling x14  
  182  12:02  Spore Crawler  
  182  12:03  Baneling x6  
  182  12:04  Zergling x12  
  182  12:07  Baneling x2  
  182  12:08  Baneling x2  
  187  12:09  Zergling x8  
  187  12:14  Baneling x5  
  191  12:17  Zergling x6  
  171  12:25  Zergling x22  
  148  12:30  Zergling x4  
  148  12:32  Zergling x2  
  148  12:33  Hydralisk  
  148  12:34  Hydralisk x2  
  150  12:40  Viper x2  
  150  12:43  Zergling x12  
  161  12:52  Zergling x6  
  161  12:53  Zergling x6  
  161  12:56  Baneling x5  
  161  12:57  Hatchery  
  161  12:58  Hydralisk  
  168  12:59  Zergling x4  
  168  13:02  Baneling x3  
  170  13:09  Hatchery  
  170  13:11  Baneling  
  170  13:12  Baneling x7  
  170  13:17  Spore Crawler, Drone x3  
  170  13:18  Hydralisk x2  
  175  13:20  Zergling x12  
  175  13:24  Baneling x5  
  175  13:26  Zergling x8  
  185  13:34  Zergling x2  
  185  13:35  Zergling x8  
  185  13:39  Zergling x10  
  194  13:44  Baneling  
  194  13:46  Zergling x2  
  194  13:47  Zergling x12  
  200  13:53  Zergling x4  
  199  14:04  Ultralisk Cavern  
  199  14:09  Baneling x9  
  157  14:31  Zergling x14  
  157  14:36  Zergling x28  
Tags
 
Add a new tag
Caveats
  • Supply blocks, unpowered buildings, or Contaminate may cause inaccurate times.
  • Supply counts are checked every 10 seconds.